 Dungeon Crawl Stone Soup version 0.31.0-32-g396128a36d (webtiles) character file.

Game seed: 2108952849498772977

404 PaiMei the Grave Robber (level 6, 0/41 HPs)
             Began as a Demonspawn Necromancer on Apr 25, 2024.
             Succumbed to a kobold brigand's curare-tipped dart
             ... on level 4 of the Dungeon.
             The game lasted 00:05:16 (4193 turns).

PaiMei the Grave Robber (Demonspawn Necromancer)    Turns: 4193, Time: 00:05:16

Health: 0/41       AC:  7    Str:  8    XL:     6   Next: 56%
Magic:  11/11      EV: 18    Int: 17    God:
Gold:   178        SH:  0    Dex: 14    Spells: 4/12 levels left

rFire   . . .        A - +2 dagger (venom)
rCold   . . .        (no shield)
rNeg    . . .        u - +2 robe
rPois   .            (no helmet)
rElec   .            (no cloak)
rCorr   .            (no gloves)
SInv    .            d - +0 pair of boots
Will    .....        (no amulet)
Stlth   ++           i - +5 ring of evasion
HPRegen 0.26/turn    (no ring)
MPRegen 0.24/turn

%: no passive effects
@: mighty, lethally poisoned (0 -> -6), slowed, very slow
A: yellow scales 1, magic regeneration, demonic touch 2
a: no special abilities


You were on level 4 of the Dungeon.
You visited 1 branch of the dungeon, and saw 4 of its levels.

You collected 178 gold pieces.

Inventory:

Hand Weapons
 t - a +2 scythe of freezing
 A - a +2 dagger of venom (weapon)
Missiles
 k - 4 poisoned darts (quivered)
 o - a throwing net
Armour
 d - a +0 pair of boots (worn)
 n - a +3 scale mail of fire resistance
 u - a +2 robe (worn)
Magical Staves
 w - a staff of death
Jewellery
 i - a +5 ring of evasion (left hand)
Wands
 x - a wand of flame (11)
Scrolls
 a - a scroll of fog {unknown}
 c - 5 scrolls of identify {unknown}
 e - a scroll of blinking {unknown}
 j - 4 scrolls of teleportation {unknown}
 r - a scroll of enchant weapon {unknown}
 s - a scroll of silence {unknown}
 y - a scroll of poison {unknown}
Potions
 b - a potion of magic
 g - a potion of mutation {unknown}
 h - a potion of berserk rage {unknown}
 l - a potion of ambrosia {unknown}
 m - a potion of degeneration {unknown}
 p - a potion of attraction {unknown}
 q - a potion of heal wounds {unknown}
 v - a potion of lignification {unknown}
 z - a potion of curing {unknown}


   Skills:
 + Level 3.5 Dodging
 + Level 3.8 Stealth
 + Level 3.6 Spellcasting
 + Level 5.7 Necromancy


You had 4 spell levels left.
You knew the following spells:

 Your Spells              Type           Power      Damage    Failure   Level
a - Necrotise             Necr           88%        1d8       1%          1
b - Vampiric Draining     Necr           22%        2d7       4%          3
c - Animate Dead          Necr           22%        N/A       16%         4

Your spell library contained the following spells:

 Spells                   Type           Power      Damage    Failure   Level
 Curse of Agony           Necr           22%        N/A       38%         5


Dungeon Overview and Level Annotations

Branches:
Dungeon (4/15)
 Temple: D:4-7

Altars:
Makhleb
Sif Muna

Annotations:
D:2 1 runed translucent door, Crazy Yiuf


Innate Abilities, Weirdness & Mutations

You are partially covered in yellow scales. (AC +2)
You regenerate magic rapidly.
Your touch may inflict irresistible damage on your foes.


Message History

You have difficulty breathing.
You feel yourself slow down.
You see here a +0 dagger.
You feel very sick.
You feel very sick.
Casting: Necrotise (safe; 1% risk of failure)
Confirm with . or Enter, or press ? or * to list all spells.
Aiming: Necrotise (safe; 1% risk of failure)
Press: ? - help, Shift-Dir - straight line, f/p - kobold
Aim: a kobold, wielding a +0 club (severely wounded, chance to affect: 91%)
The kobold writhes in agony.
You kill the kobold!
The dead are walking!
You feel very sick.
You feel sick.
The kobold brigand throws a curare-tipped dart.
The curare-tipped dart closely misses you.
Your kobold skeleton misses the kobold brigand.
You feel sick.
The kobold brigand hits your kobold skeleton with a +0 club!
Your kobold skeleton hits the kobold brigand.
You feel sick.
Your kobold skeleton closely misses the kobold brigand.
The kobold brigand hits your kobold skeleton with a +0 dagger of draining.
Your kobold skeleton is destroyed!
You feel sick.
You are no longer poisoned.
The kobold brigand throws a curare-tipped dart.
The curare-tipped dart hits you.
You are poisoned.
You have difficulty breathing.
* * * LOW HITPOINT WARNING * * *
You feel as though you will be slow longer.
* * * LOW HITPOINT WARNING * * *
You feel very sick.
* * * LOW HITPOINT WARNING * * *
You feel very sick.
You see here a +0 club.
It was a potion of might.
You feel very mighty all of a sudden.
You die...

..#..............#
.....~~~.......###
~~~~~~~~...#.##
####~≈~≈~~~~#.#..#
...###≈≈≈####..#.########
.....#####K.K..K.........
###Z.....)))...#.........
###.....######.........
####### #@........
#......... #)........
#.)....... #.........
##.........
#..############### #.##
#......# #..### #......#


You could see a kobold brigand.

Vanquished Creatures
  Sigmund (D:3)
  A scorpion (D:3)
  Terence (D:2)
  3 gnolls
  5 adders
  A dart slug (D:2)
  7 orcs
  4 ball pythons
  6 endoplasms
  2 giant cockroaches (D:1)
  4 goblins
  8 hobgoblins
  10 jackals
  3 quokkas
  6 bats
  4 frilled lizards
  8 kobolds
  A rat (D:1)
75 creatures vanquished.

Vanquished Creatures (collateral kills)
  A hobgoblin (D:1)
  A jackal (D:2)
  A quokka (D:2)
  A rat (D:1)
4 creatures vanquished.

Grand Total: 79 creatures vanquished

Notes
Turn   | Place    | Note
-------+----------+-------------------------------------------
     0 | D:1      | PaiMei the Demonspawn Necromancer began the quest for the
                  | Orb.
     0 | D:1      | Reached XP level 1. HP: 13/13 MP: 3/3
   276 | D:1      | Gained mutation: You are partially covered in yellow
                  | scales. (AC +2) [demonic ancestry]
   276 | D:1      | Reached XP level 2. HP: 12/19 MP: 1/5
   757 | D:1      | Gained mutation: Your touch may inflict minor irresistible
                  | damage on your foes. [demonic ancestry]
   757 | D:1      | Reached XP level 3. HP: 24/24 MP: 3/6
   761 | D:1      | Learned a level 3 spell: Vampiric Draining
  1600 | D:2      | Noticed Terence
  1656 | D:2      | Killed Terence
  1657 | D:2      | Gained mutation: You regenerate magic rapidly. [demonic
                  | ancestry]
  1657 | D:2      | Reached XP level 4. HP: 30/30 MP: 2/8
  1891 | D:2      | Reached skill level 5 in Necromancy
  1988 | D:2      | Found a burning altar of Makhleb.
  2261 | D:2      | Found a runed translucent door.
  2262 | D:2      | Noticed Crazy Yiuf
  2591 | D:2      | Learned a level 4 spell: Animate Dead
  2661 | D:3      | Reached XP level 5. HP: 35/35 MP: 1/9
  2662 | D:3      | Noticed Sigmund
  2707 | D:3      | Killed Sigmund
  2708 | D:3      | Gained mutation: Your touch may inflict irresistible damage
                  | on your foes. [demonic ancestry]
  2708 | D:3      | Reached XP level 6. HP: 25/41 MP: 2/11
  3707 | D:3      | Found a shimmering blue altar of Sif Muna.
  4193 | D:4      | Succumbed to a kobold brigand's curare-tipped dart

Illustrated notes

Levels and vault maps discovered:
D:1:      wheals_arrival_linesprint, layout_rooms,
          nicolae_twisty_statue_hallways
D:2:      layout_loops_ring, basic_altar, uniq_terence, uniq_crazy_yiuf_cottage
D:3:      layout_basic, lemuel_blue_sif_altar, uniq_sigmund
D:4:      cheibrodos_thug_alley, layout_basic

Skill      XL: |  1  2  3  4  5 |
---------------+----------------+-----
Stealth        | 2 3 |  3.8
Dodging        | 2 3 |  3.5
Necromancy     | 5 |  5.7
Spellcasting   | 3 |  3.6

Action                     |  1- 3 |  4- 6 || total
---------------------------+-------+-------++-------
  Melee: Short sword       |    24 |     6 ||    30
         Touch             |       |     1 ||     1
         Halberd           |       |    13 ||    13
   Cast: Necrotise         |    62 |    83 ||   145
         Vampiric Draining |       |     2 ||     2
    Use: Potion            |       |     1 ||     1
 Armour: Robe              |    24 |    13 ||    37
  Dodge: Dodged            |    43 |    46 ||    89
